 Dungeon Crawl Stone Soup version 0.31-a0-175-g9f7f995f2b (webtiles) character file.

Game seed: 14750058248269568764

88723 qw the Severer (level 15, -3/97 HPs)
             Began as a Gargoyle Fighter on June 17, 2023.
             Was an Elder of Okawaru.
             Killed from afar by a thorn hunter (38 damage)
             ... with a volley of thorns
             ... on level 1 of the Swamp.
             The game lasted 00:15:09 (25352 turns).

qw the Severer (Gargoyle Fighter)                  Turns: 25352, Time: 00:15:10

Health: -3/97      AC: 49    Str: 26    XL:     15   Next: 94%
Magic:  22/22      EV: 20    Int: 10    God:    Okawaru [****..]
Gold:   141        SH: 14    Dex: 19    Spells: 14/14 levels left

rFire   . . .        G - +1 broad axe "Vamnaup" {protect, rC+}
rCold   + . .        N - +0 kite shield {reflect}
rNeg    + . .        o - +7 chain mail of Kleptomania {rPois Dex+3}
rPois   inf          L - +1 helmet {SInv}
rElec   +            u - +1 cloak
rCorr   .            C - +2 pair of gloves {hurl}
SInv    +            k - +0 pair of boots
Will    ++...        g - amulet of faith
Stlth   +            x - +5 ring of evasion
HPRegen 0.36/turn    e - ring "Kasoynty" {Fly Will+ Dex+7}
MPRegen 0.18/turn

%: reflection, faith
@: heroic, under a protective aura, flying
A: sickness immunity, AC +11, big wings, negative energy resistance 1,
electricity resistance, torment resistance 1, petrification resistance
a: Renounce Religion, Heroism, Finesse


You were on level 1 of the Swamp.
You worshipped Okawaru.
Okawaru was greatly pleased with you.
You visited 5 branches of the dungeon, and saw 24 of its levels.
You also visited: Gauntlet.

You collected 2274 gold pieces.
You spent 2133 gold pieces at shops.


Innate Abilities, Weirdness & Mutations

You are immune to sickness and miasma.
Your stone body is resilient. (AC +11)
You are immune to poison.
Your large and strong wings let you fly.
You resist negative energy. (rN+)
You are resistant to electric shocks. (rElec)
You are resistant to unholy torment.
You are immune to petrification.


   Skills:
 - Level 12.8(17.8) Fighting
 - Level 17.0(22.0) Axes
 - Level 7.1(12.1) Throwing
 - Level 11.0(16.0) Armour
 - Level 6.1(11.1) Dodging
 + Level 8.3(13.3) Shields
 - Level 10.0 Invocations


You had 14 spell levels left.
You didn't know any spells.
Your spell library was empty.

Inventory:

Hand Weapons
 r - a +4 vampiric war axe
 D - a +0 heavy broad axe
 G - the +1 broad axe "Vamnaup" (weapon) {protect, rC+}
   (Okawaru gifted it to you on level 5 of the Lair of Beasts)

   rC:        It protects you from cold.
 P - a +0 morningstar of protection
Missiles
 c - 9 boomerangs
 K - 3 javelins (quivered)
Armour
 f - +0 acid dragon scales
 k - a +0 pair of boots (worn)
 o - the +7 chain mail of Kleptomania (worn) {rPois Dex+3}
   (You found it on level 11 of the Dungeon)

   Dex:       It affects your dexterity (+3).
   rPois:     It protects you from poison.
 p - +0 fire dragon scales
 q - a +2 chain mail of cold resistance
 u - a +1 cloak (worn)
 C - a +2 pair of gloves of hurling (worn)
 H - a +2 chain mail of fire resistance
 L - a +1 helmet of see invisible (worn)
 N - a +0 kite shield of reflection (worn)
 O - a +2 helmet
Jewellery
 a - an amulet of regeneration
 e - the ring "Kasoynty" (right hand) {Fly Will+ Dex+7}
   (You found it in a Gauntlet)

   [ring of flight]

   Dex:       It affects your dexterity (+7).
   Fly:       It grants you flight.
   Will:      It increases your willpower.
 g - an amulet of faith (around neck)
 w - a ring of protection from cold
 x - a +5 ring of evasion (left hand)
 y - a +4 ring of protection
 F - a ring of fire
Wands
 z - a wand of digging (8)
Scrolls
 j - 12 scrolls of identify
 n - 2 scrolls of teleportation
 B - 2 scrolls of brand weapon
 I - 4 scrolls of enchant weapon
Potions
 d - 5 potions of might
 h - 3 potions of lignification
 i - 5 potions of haste
 l - 3 potions of attraction
 s - 7 potions of curing
 t - 3 potions of magic
 v - a potion of mutation
 A - 4 potions of enlightenment
 E - 2 potions of resistance
 J - a potion of cancellation

Dungeon Overview and Level Annotations

Branches:
Dungeon (15/15)            Temple (1/1) D:7            Lair (5/5) D:11
  Swamp (1/4) Lair:3       Spider (0/4) Lair:3        Slime (0/5) Lair:4
    Orc (2/2) D:12            Elf (0/3) Orc:2        Vaults (0/5) D:13
 Depths (0/4) D:15        Gauntlet (visited)

Altars:
Ashenzari
Cheibriados
Dithmenos
Elyvilon
Fedhas
Gozag
Hepliaklqana
Kikubaaqudgha
Makhleb
Nemelex Xobeh
Okawaru
Qazlal
Ru
Sif Muna
Trog
Uskayaw
Vehumet
Wu Jian
Xom
Yredelemnul
Zin
The Shining One
Lugonu

Shops:
D:4 *   D:8 *   D:9 (=(   Orc:2 *?**(

Portals:
Abyss: Lair:5
Trove: D:11 (give 7 scrolls of blinking)

Annotations:
D:3 2 transporters
Orc:2 1 runed translucent door, qw's ghost, adept NaHu


Message History

The thorn hunter is heavily damaged.
The thorn hunter barely misses you. x2
You closely miss the thorn hunter.
The thorn hunter is heavily damaged.
You closely miss the thorn hunter.
The thorn hunter is heavily damaged.
The thorn hunter gestures.
Thorny briars emerge from the ground!
You slice the thorn hunter!!
The thorn hunter is severely damaged.
The briar patch crumbles away. x3
The thorn hunter fires a volley of thorns at you.
The volley of thorns misses you.
You hit the thorn hunter but do no damage.
The thorn hunter is severely damaged.
The thorn hunter closely misses you.
The thorn hunter hits you but does no damage.
You slash the thorn hunter!
The thorn hunter is almost destroyed.
The briar patch crumbles away. x2
The thorn hunter gestures.
You closely miss the thorn hunter.
The thorn hunter is almost destroyed.
The thorn hunter gestures.
You closely miss the thorn hunter.
The thorn hunter is almost destroyed.
The briar patch crumbles away.
The thorn hunter closely misses you.
The thorn hunter hits you but does no damage.
You barely miss the thorn hunter.
The thorn hunter is almost destroyed.
The briar patch crumbles away.
The thorn hunter hits you but does no damage. x2
You hit the thorn hunter but do no damage.
The thorn hunter is almost destroyed.
The briar patch crumbles away. x3; You block the thorn hunter's attack. x2
You hit the thorn hunter.
The thorn hunter is almost destroyed.
The thorn hunter fires a volley of thorns at you.
The volley of thorns hits you!!!
You die...

777777.~...
7¤..7~.~...
7.~~.~7....
7.~~.!.....
7~.~.~~.~.#
7.~¤.~~....
77.~f~..~~. 77.7@77
7~~~..# 77.7~.## ..
77....##..#
77~~..#.##.
77........
77P..~~..77~
7.~~..~..~~.~~~~~...
77~~....~7.~~~~~~~~.


You could see a thorn hunter.

Vanquished Creatures
  Donald (Orc:2)
  Kirke (Lair:3)
  A frost giant (D:15)
  A minotaur (Gauntlet)
  A bunyip (Swamp:1)
  A fire dragon (D:15)
  Josephine (D:15)
  3 hydras
  An ogre mage (D:11)
  2 catoblepae
  2 boulder beetles
  2 two-headed ogres
  A death knight (D:14)
  5 centaur warriors
  3 tengu warriors
  3 orc high priests (Orc:2)
  4 thrashing horrors (Lair:5)
  2 skysharks
  3 bog bodies (Lair:3)
  A wizard (D:15)
  5 orc knights (Orc:2)
  A phantasmal warrior (D:14)
  A swamp dragon (Lair:1)
  A lindwurm (Lair:5)
  An obsidian statue (Lair:3)
  A harpy (shapeshifter) (Lair:5)
  14 ugly things
  A deep elf pyromancer (D:15)
  4 orc sorcerers (Orc:2)
  8 cyclopes
  A will-o-the-wisp (Swamp:1)
  A manticore (D:11)
  11 elephants
  2 moths of wrath (Gauntlet)
  A cyclops (shapeshifter) (Lair:5)
  2 black mambas
  A smoke demon (Lair:5)
  4 gargoyles
  3 unseen horrors
  A rime drake (shapeshifter) (Lair:5)
  13 cane toads
  4 rime drakes
  9 komodo dragons
  2 ancient zymes (Lair:5)
  A tengu conjurer (D:13)
  4 freezing wraiths
  2 tarantellas (shapeshifter)
  4 trolls
  A meliai (shapeshifter) (D:13)
  3 polar bears
  2 hornets
  A raiju (Gauntlet)
  34 blink frogs
  A hornet (shapeshifter) (D:14)
  A blink frog (shapeshifter) (D:13)
  5 slime creatures (D:12)
  2 shadows
  7 wraiths
  8 wyverns
  A ynoxinul (Lair:5)
  A spriggan (Lair:5)
  6 hogs (Lair:3)
  A human (shapeshifter) (D:13)
  26 yaks
  A chaos spawn (Lair:5)
  A golden eye (shapeshifter) (Lair:5)
  2 steam dragons (Gauntlet)
  4 basilisks
  8 redbacks
  13 vampire mosquitoes
  Menkaure (D:6)
  A warg (Orc:1)
  2 swamp worms (Lair:3)
  4 acid dragons
  12 water moccasins
  16 orc warriors
  11 small abominations (Lair:5)
  2 swamp drakes (Lair:1)
  4 ice beasts
  5 ogres
  3 wolves (Lair:1)
  15 centaurs
  2 phantoms
  4 kobold brigands
  9 bullfrogs
  4 scorpions
  8 wights
  6 killer bees (D:11)
  2 howler monkeys
  3 electric eels (Lair:3)
  A lava snake (D:8)
  2 gnoll boudas
  A jelly (D:8)
  21 orc priests
  4 hounds
  2 sleepcaps
  6 iguanas
  19 orc wizards
  10 hell rats (Lair:4)
  12 gnolls
  10 adders
  A shadow imp (D:6)
  4 white imps
  2 ufetubi
  A worm (D:3)
  4 dart slugs
  59 orcs
  12 bats
  10 endoplasms
  3 giant cockroaches
  9 goblins
  12 hobgoblins
  5 jackals
  5 quokkas
  14 ball pythons
  A frilled lizard (D:1)
  3 goblin skeletons (D:7)
  A goblin zombie (D:7)
  2 hobgoblin zombies (D:7)
  20 kobolds
  A kobold skeleton (D:7)
  2 kobold zombies (D:7)
  An orc skeleton (D:7)
  4 rats
649 creatures vanquished.

Vanquished Creatures (others)
  A wizard (D:11)
  2 foxfires (Swamp:1)
3 creatures vanquished.

Grand Total: 652 creatures vanquished

Notes
Turn   | Place    | Note
-------+----------+-------------------------------------------
     0 | D:1      | qw the Gargoyle Fighter began the quest for the Orb.
     0 | D:1      | Reached XP level 1. HP: 14/14 MP: 1/1
     0 | D:1      | 0 ||| qw: Version: 0.3-a-3-g30531e4
     0 | D:1      | 0 ||| qw: Game counter: 415
     0 | D:1      | 0 ||| qw: Always use a shield: true
     0 | D:1      | 0 ||| qw: God list: Okawaru
     0 | D:1      | 0 ||| qw: Allow faded altars: false
     0 | D:1      | 0 ||| qw: Do Orc after D:15 true
     0 | D:1      | 0 ||| qw: Do second Lair branch before Depths: true
     0 | D:1      | 0 ||| qw: Lair rune preference: random
     0 | D:1      | 0 ||| qw: Plans: Normal, Zot:1-4, Slime:5, God:TSO, Crypt,
                  | Tomb, Abyss, Pan, Hells, Win
     0 | D:1      | 0 ||| PLANNING D:1-11
    96 | D:1      | Reached skill level 2 in Axes
   130 | D:1      | Reached XP level 2. HP: 19/19 MP: 2/2
   137 | D:1      | 137 ||| Stepping ~*~*~tactically~*~*~ (stealth).
   148 | D:1      | 148 ||| Stepping ~*~*~tactically~*~*~ (stealth).
   256 | D:1      | 256 ||| Stepping ~*~*~tactically~*~*~ (stealth).
   361 | D:1      | Reached skill level 3 in Axes
   439 | D:1      | Reached XP level 3. HP: 23/23 MP: 3/3
   562 | D:1      | 562 ||| DROPPING +0 club.
   919 | D:1      | 919 ||| READING scroll labelled RIEDUKL COQOOS.
  1017 | D:2      | You fall into a shaft and drop 1 floor!
  1087 | D:3      | Found a faded altar of an unknown god.
  1088 | D:3      | 1088 ||| Stepping ~*~*~tactically~*~*~ (stealth).
  1154 | D:3      | 1154 ||| READING scroll labelled LAW DESMIONUVU.
  1155 | D:3      | 1155 ||| READING scroll labelled LACWANL JEJAAMN.
  1181 | D:3      | Reached XP level 4. HP: 25/28 MP: 4/4
  1195 | D:3      | Noticed a kobold demonologist
  1196 | D:3      | Found a transporter.
  1197 | D:3      | 1197 ||| FLEEEEING.
  1198 | D:3      | 1198 ||| FLEEEEING.
  1199 | D:3      | 1199 ||| STAIRDANCE
  1380 | D:2      | 1380 ||| Stepping ~*~*~tactically~*~*~ (stealth).
  1384 | D:2      | 1384 ||| Stepping ~*~*~tactically~*~*~ (hiding).
  1711 | D:2      | Reached skill level 4 in Axes
  1808 | D:2      | 1808 ||| UPGRADING to +0 pair of boots.
  1813 | D:2      | 1813 ||| READING scroll labelled YMMOQAKHIY.
  1814 | D:2      | 1814 ||| READING 2 scrolls labelled PEGEOCSASY.
  1815 | D:2      | 1815 ||| READING scroll labelled SEQYNN IDAA.
  1816 | D:2      | 1816 ||| READING scroll labelled DEOXZO XAIVA.
  1817 | D:2      | 1817 ||| READING scroll labelled YNILOO ESOUZAE.
  1821 | D:2      | 1821 ||| DROPPING scroll of immolation.
  1862 | D:3      | HP: 6/28 [gnoll/+0 halberd (7)]
  1865 | D:3      | Reached XP level 5. HP: 8/32 MP: 5/5
  1975 | D:3      | 1975 ||| Stepping ~*~*~tactically~*~*~ (stealth).
  1976 | D:3      | 1976 ||| DROPPING +0 mace.
  1978 | D:3      | 1978 ||| Stepping ~*~*~tactically~*~*~ (hiding).
  2031 | D:3      | 2031 ||| Stepping ~*~*~tactically~*~*~ (stealth).
  2038 | D:3      | Found a transporter.
  2159 | D:3      | 2159 ||| Stepping ~*~*~tactically~*~*~ (stealth).
  2160 | D:3      | 2160 ||| Stepping ~*~*~tactically~*~*~ (stealth).
  2219 | D:3      | 2219 ||| Stepping ~*~*~tactically~*~*~ (stealth).
  2301 | D:3      | 2301 ||| READING scroll labelled JUTUMO PALUGIM.
  2302 | D:3      | 2302 ||| READING scroll labelled WAUTHU QIJYSOOPP.
  2303 | D:3      | 2303 ||| READING scroll labelled NYFURR NABBAOS.
  2304 | D:3      | 2304 ||| READING scroll labelled SOUNEO WIVUEL.
  2328 | D:4      | Found Athrot's Serpentskin Sales.
  2336 | D:4      | 2336 ||| SHOPLISTING +0 swamp dragon scales (550 gold, have
                  | 219).
  2405 | D:4      | Reached skill level 5 in Axes
  2593 | D:4      | Reached XP level 6. HP: 38/38 MP: 6/6
  2716 | D:4      | Reached skill level 1 in Dodging
  2868 | D:4      | Reached skill level 6 in Axes
  2956 | D:4      | Reached XP level 7. HP: 43/43 MP: 7/7
  3323 | D:4      | 3323 ||| UPGRADING to amulet of faith.
  3328 | D:4      | 3328 ||| DROPPING amulet of guardian spirit.
  3329 | D:4      | 3329 ||| READING scroll labelled LEARUO CENE.
  3455 | D:5      | Entered Level 5 of the Dungeon
  3533 | D:5      | 3533 ||| Stepping ~*~*~tactically~*~*~ (hiding).
  3576 | D:5      | 3576 ||| Stepping ~*~*~tactically~*~*~ (stealth).
  3685 | D:5      | HP: 7/43 [scorpion (5)]
  3688 | D:5      | Reached skill level 7 in Axes
  3855 | D:5      | Found a shadowy altar of Dithmenos.
  4128 | D:5      | Found an ornate altar of the Wu Jian Council.
  4177 | D:5      | Reached XP level 8. HP: 47/49 MP: 8/8
  4613 | D:5      | Found a sacrificial altar of Ru.
  4651 | D:5      | 4651 ||| UPGRADING to +0 plate armour.
  4661 | D:5      | 4661 ||| DROPPING +0 scale mail.
  4681 | D:6      | 4681 ||| PLANNING OSSUARY
  4788 | D:6      | 4788 ||| FLEEEEING.
  4833 | D:6      | Reached skill level 8 in Axes
  5050 | D:6      | Reached skill level 6 in Fighting
  5076 | D:6      | 5076 ||| Stepping ~*~*~tactically~*~*~ (hiding).
  5079 | D:6      | Noticed Menkaure
  5087 | D:6      | Killed Menkaure
  5324 | D:6      | 5324 ||| RIP OSSUARY
  5416 | D:6      | 5416 ||| PLANNING D:1-11
  5423 | D:6      | Reached XP level 9. HP: 26/55 MP: 9/9
  5523 | D:6      | Found a sparkling altar of Nemelex Xobeh.
  5972 | D:6      | 5972 ||| READING scroll labelled CIPLIO ZIMP.
  5999 | D:7      | 5999 ||| STAIRDANCE
  6034 | D:7      | 6034 ||| STAIRDANCE
  6047 | D:6      | Reached skill level 9 in Axes
  6159 | D:7      | 6159 ||| STAIRDANCE
  6186 | D:7      | Found a staircase to the Ecumenical Temple.
  6187 | D:7      | 6187 ||| PLANNING TEMPLE
  6195 | Temple   | Entered the Ecumenical Temple
  6196 | Temple   | 6196 ||| PLANNING OKAWARU WORSHIP
  6397 | Temple   | Became a worshipper of Warmaster Okawaru
  6398 | Temple   | 6398 ||| PLANNING D:1-11
  6529 | D:7      | Reached skill level 1 in Throwing
  6727 | D:7      | 6727 ||| DROPPING +0 flail.
  6911 | D:7      | Found an ancient bone altar of Kikubaaqudgha.
  7075 | D:7      | Found a glowing golden altar of the Shining One.
  7076 | D:7      | 7076 ||| Stepping ~*~*~tactically~*~*~ (hiding).
  7077 | D:7      | 7077 ||| Stepping ~*~*~tactically~*~*~ (hiding).
  7286 | D:7      | 7286 ||| UPGRADING to +0 helmet.
  7291 | D:7      | 7291 ||| READING scroll labelled TEGUVY IKLARHI.
  7329 | D:7      | 7329 ||| DRINKING 2 coppery potions.
  7468 | D:8      | 7468 ||| Stepping ~*~*~tactically~*~*~ (stealth).
  7470 | D:8      | 7470 ||| Stepping ~*~*~tactically~*~*~ (stealth).
  7472 | D:8      | 7472 ||| Stepping ~*~*~tactically~*~*~ (hiding).
  7486 | D:8      | Reached * piety under Okawaru
  7487 | D:8      | Reached skill level 6 in Armour
  7503 | D:8      | Reached skill level 1 in Invocations
  7505 | D:8      | 7505 ||| Stepping ~*~*~tactically~*~*~ (stealth).
  7508 | D:8      | 7508 ||| Stepping ~*~*~tactically~*~*~ (stealth).
  7581 | D:8      | Found Ydgho's Neck Hole.
  7598 | D:8      | 7598 ||| BUYING +0 cloak (54 gold).
  7598 | D:8      | Bought a +0 cloak for 54 gold pieces
  7598 | D:8      | 7598 ||| BUYING +1 cloak (138 gold).
  7598 | D:8      | Bought a +1 cloak for 138 gold pieces
  7698 | D:8      | 7698 ||| Stepping ~*~*~tactically~*~*~ (stealth).
  7701 | D:8      | 7701 ||| INVOKING Heroism.
  7721 | D:8      | Found a shimmering blue altar of Sif Muna.
  7908 | D:8      | 7908 ||| INVOKING Heroism.
  7919 | D:8      | Reached skill level 3 in Invocations
  7994 | D:8      | 7994 ||| Stepping ~*~*~tactically~*~*~ (hiding).
  7995 | D:8      | 7995 ||| Stepping ~*~*~tactically~*~*~ (hiding).
  8100 | D:8      | 8100 ||| Stepping ~*~*~tactically~*~*~ (hiding).
  8102 | D:8      | 8102 ||| Stepping ~*~*~tactically~*~*~ (hiding).
  8104 | D:8      | 8104 ||| Stepping ~*~*~tactically~*~*~ (hiding).
  8108 | D:8      | 8108 ||| Stepping ~*~*~tactically~*~*~ (hiding).
  8109 | D:8      | 8109 ||| Stepping ~*~*~tactically~*~*~ (hiding).
  8158 | D:8      | Found a glowing silver altar of Zin.
  8163 | D:8      | 8163 ||| INVOKING Heroism.
  8345 | D:8      | 8345 ||| UPGRADING to +0 cloak.
  8350 | D:8      | 8350 ||| UPGRADING to +1 cloak.
  8360 | D:8      | 8360 ||| DROPPING +0 cloak.
  8361 | D:8      | 8361 ||| UPGRADING to +4 ring of protection.
  8362 | D:8      | 8362 ||| DRINKING 2 glowing blue potions.
  8405 | D:8      | 8405 ||| DRINKING 3 golden potions.
  8406 | D:8      | 8406 ||| READING 3 scrolls of identify.
  8406 | D:8      | 8406 ||| IDENTIFYING brown potion
  8407 | D:8      | 8407 ||| READING 2 scrolls of identify.
  8407 | D:8      | 8407 ||| IDENTIFYING fizzy blue potion
  8408 | D:8      | 8408 ||| DROPPING potion of brilliance.
  8409 | D:8      | 8409 ||| DROPPING potion of invisibility.
  8451 | D:9      | 8451 ||| INVOKING Heroism.
  8459 | D:9      | Reached XP level 10. HP: 63/63 MP: 9/12
  8480 | D:9      | Found a broken altar of Ashenzari.
  8514 | D:9      | Found a white marble altar of Elyvilon.
  8542 | D:9      | 8542 ||| Stepping ~*~*~tactically~*~*~ (stealth).
  8544 | D:9      | 8544 ||| Stepping ~*~*~tactically~*~*~ (hiding).
  8552 | D:9      | Reached skill level 10 in Axes
  8561 | D:9      | 8561 ||| Stepping ~*~*~tactically~*~*~ (stealth).
  8563 | D:9      | 8563 ||| Stepping ~*~*~tactically~*~*~ (stealth).
  8578 | D:9      | Found Dear Lyo's Weapon Shop.
  8587 | D:9      | Found Poick's Jewellery Shop.
  8595 | D:9      | 8595 ||| SHOPLISTING +5 ring of evasion (504 gold, have
                  | 426).
  8595 | D:9      | 8595 ||| SHOPLISTING ring of Witet {rC+ Will+ MP+9 AC+4
                  | Dex-3} (954 gold, have 426).
  8595 | D:9      | 8595 ||| BUYING ring of protection from cold (350 gold).
  8595 | D:9      | Bought a ring of protection from cold for 350 gold pieces
  8595 | D:9      | 8595 ||| SHOPLISTING ring of protection from fire (350
                  | gold, have 76).
  8595 | D:9      | 8595 ||| SHOPLISTING ring of willpower (350 gold, have 76).
  8776 | D:9      | Found a blossoming altar of Fedhas.
  9009 | D:9      | Found Zamomm's Weapon Shop.
  9016 | D:9      | 9016 ||| Stepping ~*~*~tactically~*~*~ (stealth).
  9018 | D:9      | 9018 ||| Stepping ~*~*~tactically~*~*~ (stealth).
  9020 | D:9      | 9020 ||| Stepping ~*~*~tactically~*~*~ (stealth).
  9022 | D:9      | 9022 ||| Stepping ~*~*~tactically~*~*~ (stealth).
  9024 | D:9      | 9024 ||| Stepping ~*~*~tactically~*~*~ (stealth).
  9026 | D:9      | 9026 ||| INVOKING Heroism.
  9053 | D:9      | 9053 ||| Stepping ~*~*~tactically~*~*~ (hiding).
  9054 | D:9      | 9054 ||| Stepping ~*~*~tactically~*~*~ (hiding).
  9055 | D:9      | 9055 ||| Stepping ~*~*~tactically~*~*~ (hiding).
  9057 | D:9      | 9057 ||| Stepping ~*~*~tactically~*~*~ (stealth).
  9059 | D:9      | 9059 ||| INVOKING Heroism.
  9078 | D:9      | 9078 ||| INVOKING Heroism.
  9144 | D:9      | Identified the +1 dagger of Meager Subterfuge {speed,
                  | rCorr}
  9234 | D:9      | 9234 ||| UPGRADING to ring of protection from cold.
  9235 | D:9      | 9235 ||| READING 6 scrolls of identify.
  9235 | D:9      | 9235 ||| IDENTIFYING yellow potion
  9236 | D:9      | 9236 ||| DROPPING potion of ambrosia.
  9266 | D:10     | Entered Level 10 of the Dungeon
  9311 | D:10     | 9311 ||| READING scroll of enchant weapon.
  9311 | D:10     | 9311 ||| ENCHANTING +1 vampiric war axe.
  9334 | D:10     | Noticed a gargoyle
  9345 | D:10     | 9345 ||| INVOKING Heroism.
  9357 | D:10     | Killed a gargoyle
  9723 | D:10     | 9723 ||| INVOKING Heroism.
  9840 | D:10     | Found a radiant altar of Vehumet.
  9931 | D:10     | Noticed a two-headed ogre
  9932 | D:10     | 9932 ||| INVOKING Heroism.
  9941 | D:10     | Killed a two-headed ogre
  9941 | D:10     | Reached ** piety under Okawaru
 10069 | D:10     | 10069 ||| Stepping ~*~*~tactically~*~*~ (hiding).
 10209 | D:10     | 10209 ||| DROPPING ring of flight.
 10261 | D:11     | 10261 ||| Stepping ~*~*~tactically~*~*~ (stealth).
 10303 | D:11     | 10303 ||| INVOKING Heroism.
 10325 | D:11     | Identified the +7 chain mail of Kleptomania {rPois Dex+3}
 10382 | D:11     | 10382 ||| INVOKING Heroism.
 10387 | D:11     | Reached skill level 11 in Axes
 10605 | D:11     | 10605 ||| Stepping ~*~*~tactically~*~*~ (stealth).
 10624 | D:11     | Reached XP level 11. HP: 68/68 MP: 14/14
 10641 | D:11     | Noticed a manticore
 10642 | D:11     | 10642 ||| INVOKING Heroism.
 10650 | D:11     | Killed a manticore
 10732 | D:11     | 10732 ||| Stepping ~*~*~tactically~*~*~ (hiding).
 10733 | D:11     | 10733 ||| Stepping ~*~*~tactically~*~*~ (hiding).
 10734 | D:11     | 10734 ||| Stepping ~*~*~tactically~*~*~ (hiding).
 10735 | D:11     | 10735 ||| Stepping ~*~*~tactically~*~*~ (hiding).
 10736 | D:11     | 10736 ||| Stepping ~*~*~tactically~*~*~ (hiding).
 10737 | D:11     | 10737 ||| Stepping ~*~*~tactically~*~*~ (hiding).
 10847 | D:11     | Found a staircase to the Lair.
 10855 | D:11     | 10855 ||| INVOKING Heroism.
 10928 | D:11     | Noticed a two-headed ogre
 10929 | D:11     | 10929 ||| INVOKING Heroism.
 10938 | D:11     | Killed a two-headed ogre
 10939 | D:11     | Reached skill level 9 in Fighting
 10951 | D:11     | Reached *** piety under Okawaru
 11022 | D:11     | 11022 ||| INVOKING Heroism.
 11034 | D:11     | Noticed an ogre mage
 11051 | D:11     | 11051 ||| INVOKING Heroism.
 11051 | D:11     | Noticed a wizard
 11054 | D:11     | Killed an ogre mage
 11060 | D:11     | Killed a wizard
 11061 | D:11     | Reached skill level 12 in Axes
 11064 | D:11     | Reached **** piety under Okawaru
 11067 | D:11     | 11067 ||| Stepping ~*~*~tactically~*~*~ (stealth).
 11072 | D:11     | Reached skill level 9 in Armour
 11219 | D:11     | 11219 ||| READING scroll of enchant weapon.
 11219 | D:11     | 11219 ||| ENCHANTING +2 vampiric war axe.
 11514 | D:11     | 11514 ||| Invisibility monster not found???
 11526 | D:11     | Noticed a cyclops
 11527 | D:11     | 11527 ||| FLEEEEING.
 11528 | D:11     | 11528 ||| FLEEEEING.
 11529 | D:11     | 11529 ||| FLEEEEING.
 11530 | D:11     | 11530 ||| FLEEEEING.
 11531 | D:11     | 11531 ||| FLEEEEING.
 11532 | D:11     | 11532 ||| FLEEEEING.
 11533 | D:11     | 11533 ||| FLEEEEING.
 11534 | D:11     | 11534 ||| FLEEEEING.
 11537 | D:11     | 11537 ||| FLEEEEING.
 11538 | D:11     | 11538 ||| FLEEEEING.
 11539 | D:11     | 11539 ||| FLEEEEING.
 11544 | D:11     | 11544 ||| FLEEEEING.
 11546 | D:11     | 11546 ||| FLEEEEING.
 11548 | D:11     | 11548 ||| INVOKING Heroism.
 11566 | D:11     | Killed a cyclops
 11764 | D:11     | Found a portal to a secret trove of treasure.
 11862 | D:11     | 11862 ||| PLANNING LAIR
 11862 | D:11     | 11862 ||| UPGRADING to +7 chain mail of Kleptomania {rPois
                  | Dex+3}.
 11872 | D:11     | 11872 ||| DROPPING +0 plate armour.
 11873 | D:11     | 11873 ||| READING scroll labelled XAXAFU JUKUMN.
 11874 | D:11     | 11874 ||| READING 6 scrolls of identify.
 11874 | D:11     | 11874 ||| IDENTIFYING viscous yellow potion
 11951 | D:11     | 11951 ||| Stepping randomly (disturbance).
 11952 | D:11     | 11952 ||| Stepping randomly (disturbance).
 11987 | Lair:1   | Entered Level 1 of the Lair of Beasts
 11988 | Lair:1   | 11988 ||| PLANNING GAUNTLET
 11988 | Lair:1   | 11988 ||| INVOKING Heroism.
 12066 | Lair:1   | 12066 ||| Stepping ~*~*~tactically~*~*~ (stealth).
 12078 | Lair:1   | Reached skill level 6 in Shields
 12092 | Lair:1   | Reached skill level 6 in Invocations
 12093 | Lair:1   | Reached ***** piety under Okawaru
 12094 | Lair:1   | Reached XP level 12. HP: 76/76 MP: 16/16
 12103 | Lair:1   | 12103 ||| Stepping ~*~*~tactically~*~*~ (hiding).
 12121 | Lair:1   | 12121 ||| Stepping ~*~*~tactically~*~*~ (hiding).
 12263 | Lair:1   | 12263 ||| INVOKING Heroism.
 12290 | Lair:1   | 12290 ||| DROPPING +0 war axe.
 12328 | Lair:1   | 12328 ||| INVOKING Heroism.
 12341 | Lair:1   | Received a gift from Okawaru
 12348 | Lair:1   | Reached skill level 3 in Dodging
 12388 | Lair:1   | 12388 ||| READING scroll of enchant weapon.
 12388 | Lair:1   | 12388 ||| ENCHANTING +3 vampiric war axe.
 12407 | Lair:1   | 12407 ||| INVOKING Heroism.
 12432 | Lair:1   | 12432 ||| Stepping ~*~*~tactically~*~*~ (hiding).
 12447 | Lair:1   | Found a gate leading to a gauntlet.
 12477 | Gauntlet | Entered a Gauntlet
 12477 | Gauntlet | Found a transporter.
 12477 | Gauntlet | Found a transporter.
 12477 | Gauntlet | Found a transporter.
 12493 | Gauntlet | Found a transporter.
 12497 | Gauntlet | Found a transporter.
 12501 | Gauntlet | Noticed a hell hog
 12511 | Gauntlet | Found a transporter.
 12511 | Gauntlet | Found a transporter.
 12521 | Gauntlet | Found a transporter.
 12542 | Gauntlet | Found a transporter.
 12562 | Gauntlet | Found a transporter.
 12565 | Gauntlet | Found a transporter.
 12567 | Gauntlet | Found a runed translucent gate.
 12567 | Gauntlet | Found a runed translucent gate.
 12568 | Gauntlet | Found a large runed translucent door.
 12568 | Gauntlet | Found a large runed translucent door.
 12569 | Gauntlet | Found a large runed translucent door.
 12570 | Gauntlet | Found a large runed translucent door.
 12571 | Gauntlet | Found a large runed translucent door.
 12571 | Gauntlet | Found a large runed translucent door.
 12571 | Gauntlet | Found a runed translucent door.
 12572 | Gauntlet | Found a large runed translucent door.
 12573 | Gauntlet | Found a large runed translucent door.
 12575 | Gauntlet | Found a transporter.
 12615 | Gauntlet | Found a large runed translucent door.
 12616 | Gauntlet | Found a large runed translucent door.
 12617 | Gauntlet | Found a large runed translucent door.
 12617 | Gauntlet | Found a large runed translucent door.
 12617 | Gauntlet | Found a runed translucent door.
 12618 | Gauntlet | Found a large runed translucent door.
 12619 | Gauntlet | Found a large runed translucent door.
 12620 | Gauntlet | Found a large runed translucent door.
 12620 | Gauntlet | Found a large runed translucent door.
 12621 | Gauntlet | Found a runed translucent gate.
 12670 | Gauntlet | 12670 ||| INVOKING Heroism.
 12681 | Gauntlet | 12681 ||| Stepping ~*~*~tactically~*~*~ (cloud).
 12684 | Gauntlet | 12684 ||| Stepping ~*~*~tactically~*~*~ (cloud).
 12697 | Gauntlet | 12697 ||| READING scroll of enchant armour.
 12697 | Gauntlet | 12697 ||| ENCHANTING +0 helmet.
 12698 | Gauntlet | 12698 ||| UPGRADING to +0 pair of gloves of dexterity.
 12717 | Gauntlet | 12717 ||| INVOKING Heroism.
 12734 | Gauntlet | Identified the ring "Kasoynty" {Fly Will+ Dex+7}
 12736 | Gauntlet | 12736 ||| UPGRADING to ring "Kasoynty" {Fly Will+ Dex+7}.
 12738 | Gauntlet | 12738 ||| UPGRADING to +4 ring of protection.
 12876 | Gauntlet | 12876 ||| UPGRADING to +5 ring of evasion.
 12878 | Gauntlet | 12878 ||| UPGRADING to ring "Kasoynty" {Fly Will+ Dex+7}.
 12880 | Gauntlet | 12880 ||| READING 5 scrolls of identify.
 12880 | Gauntlet | 12880 ||| IDENTIFYING lumpy silvery potion
 12902 | Gauntlet | Noticed a minotaur
 12903 | Gauntlet | 12903 ||| INVOKING Heroism.
 12904 | Gauntlet | 12904 ||| INVOKING Finesse.
 12916 | Gauntlet | Killed a minotaur
 12917 | Gauntlet | Reached skill level 9 in Invocations
 13019 | Gauntlet | 13019 ||| DROPPING ring of magical power.
 13065 | Lair:1   | 13065 ||| PLANNING LAIR
 13359 | Lair:1   | 13359 ||| INVOKING Heroism.
 13362 | Lair:1   | Reached skill level 3 in Throwing
 13467 | Lair:1   | Identified the +3 leather armour of Wisdom {rF+ Int+2 SInv}
 13484 | Lair:1   | 13484 ||| DROPPING +4 ring of slaying {mikee}.
 13492 | Lair:2   | Noticed a skyshark
 13502 | Lair:2   | 13502 ||| STAIRDANCE
 13507 | Lair:1   | 13507 ||| INVOKING Heroism.
 13509 | Lair:1   | Killed a skyshark
 13635 | Lair:2   | 13635 ||| INVOKING Heroism.
 13650 | Lair:2   | 13650 ||| Stepping ~*~*~tactically~*~*~ (stealth).
 13668 | Lair:2   | Noticed a skyshark
 13681 | Lair:2   | Killed a skyshark
 13718 | Lair:2   | 13718 ||| INVOKING Heroism.
 13748 | Lair:2   | Found the +5 robe of Misfortune {Harm *Corrode *Slow EV+5}
 13753 | Lair:2   | Reached XP level 13. HP: 82/82 MP: 20/20
 13995 | Lair:2   | Found a sparkling altar of Nemelex Xobeh.
 14080 | Lair:2   | Identified the +0 pair of gloves "Onnoree" {+Blink Str+3
                  | Slay-6} (Okawaru gifted it to you on level 2 of the Lair of
                  | Beasts)
 14080 | Lair:2   | Received a gift from Okawaru
 14144 | Lair:2   | Reached skill level 13 in Axes
 14419 | Lair:2   | 14419 ||| DROPPING +0 pair of gloves "Onnoree" {+Blink
                  | Str+3 Slay-6}.
 14420 | Lair:2   | 14420 ||| READING 8 scrolls of identify.
 14420 | Lair:2   | 14420 ||| IDENTIFYING amethyst potion
 14779 | Lair:3   | 14779 ||| INVOKING Heroism.
 14799 | Lair:3   | 14799 ||| INVOKING Heroism.
 15070 | Lair:3   | Found a hole to the Spider Nest.
 15297 | Lair:3   | 15297 ||| Stepping ~*~*~tactically~*~*~ (stealth).
 15308 | Lair:3   | 15308 ||| Stepping ~*~*~tactically~*~*~ (stealth).
 15533 | Lair:3   | 15533 ||| Stepping ~*~*~tactically~*~*~ (stealth).
 15535 | Lair:3   | 15535 ||| Stepping ~*~*~tactically~*~*~ (hiding).
 15544 | Lair:3   | 15544 ||| INVOKING Heroism.
 15546 | Lair:3   | 15546 ||| Stepping ~*~*~tactically~*~*~ (cloud).
 15615 | Lair:3   | Found a staircase to the Swamp.
 15677 | Lair:3   | 15677 ||| INVOKING Heroism.
 15678 | Lair:3   | 15678 ||| INVOKING Finesse.
 15723 | Lair:3   | Received a gift from Okawaru
 15745 | Lair:3   | Identified the staff of conjuration "Etoak" {rElec MP+9
                  | Str+2 Int-3}
 15746 | Lair:3   | Identified the staff of death "Iffusoyd" {Fragile rN+ Will+
                  | Int+7 SInv}
 15747 | Lair:3   | Identified the staff of death "Paukeob" {rF+ rN+ Dex+3}
 15750 | Lair:3   | Identified the staff of cold "Eciut" {rC+ rN++ Will+++
                  | Str-2}
 15778 | Lair:3   | Noticed Kirke
 15779 | Lair:3   | 15779 ||| Stepping ~*~*~tactically~*~*~ (stealth).
 15780 | Lair:3   | 15780 ||| Stepping ~*~*~tactically~*~*~ (stealth).
 15782 | Lair:3   | 15782 ||| Stepping ~*~*~tactically~*~*~ (stealth).
 15784 | Lair:3   | 15784 ||| INVOKING Heroism.
 15793 | Lair:3   | Killed Kirke
 15794 | Lair:3   | Reached skill level 14 in Axes
 15882 | Lair:3   | 15882 ||| DROPPING orb of energy.
 15944 | Lair:4   | 15944 ||| Stepping ~*~*~tactically~*~*~ (stealth).
 16066 | Lair:4   | 16066 ||| INVOKING Heroism.
 16145 | Lair:4   | Found a staircase to the Slime Pits.
 16221 | Lair:4   | 16221 ||| Stepping ~*~*~tactically~*~*~ (hiding).
 16227 | Lair:4   | 16227 ||| INVOKING Heroism.
 16228 | Lair:4   | 16228 ||| INVOKING Finesse.
 16329 | Lair:4   | 16329 ||| INVOKING Heroism.
 16491 | Lair:4   | 16491 ||| Stepping ~*~*~tactically~*~*~ (stealth).
 16493 | Lair:4   | 16493 ||| INVOKING Heroism.
 16771 | Lair:4   | Gained mutation: Your large and strong wings let you fly.
                  | [Gargoyle growth]
 16771 | Lair:4   | Reached XP level 14. HP: 66/90 MP: 21/21
 17049 | Lair:5   | Entered Level 5 of the Lair of Beasts
 17133 | Lair:5   | 17133 ||| INVOKING Heroism.
 17134 | Lair:5   | 17134 ||| INVOKING Finesse.
 17137 | Lair:5   | 17137 ||| SWAPPING to +0 morningstar.
 17148 | Lair:5   | 17148 ||| SWAPPING to +4 vampiric war axe.
 17283 | Lair:5   | 17283 ||| Stepping ~*~*~tactically~*~*~ (hiding).
 17317 | Lair:5   | Received a gift from Okawaru
 17318 | Lair:5   | Reached skill level 6 in Throwing
 17579 | Lair:5   | 17579 ||| Stepping ~*~*~tactically~*~*~ (stealth).
 17581 | Lair:5   | 17581 ||| Stepping ~*~*~tactically~*~*~ (stealth).
 17613 | Lair:5   | 17613 ||| Stepping ~*~*~tactically~*~*~ (stealth).
 17632 | Lair:5   | Reached skill level 15 in Axes
 17638 | Lair:5   | 17638 ||| INVOKING Heroism.
 17727 | Lair:5   | Received a gift from Okawaru
 17990 | Lair:5   | 17990 ||| Stepping ~*~*~tactically~*~*~ (stealth).
 17992 | Lair:5   | 17992 ||| INVOKING Heroism.
 17993 | Lair:5   | 17993 ||| INVOKING Finesse.
 17997 | Lair:5   | 17997 ||| SWAPPING to +0 morningstar.
 18010 | Lair:5   | 18010 ||| SWAPPING to +4 vampiric war axe.
 18011 | Lair:5   | Identified the +0 scale mail of Disaster {Stlth+} (Okawaru
                  | gifted it to you on level 5 of the Lair of Beasts)
 18011 | Lair:5   | Received a gift from Okawaru
 18038 | Lair:5   | 18038 ||| Stepping ~*~*~tactically~*~*~ (stealth).
 18080 | Lair:5   | 18080 ||| Stepping ~*~*~tactically~*~*~ (hiding).
 18123 | Lair:5   | 18123 ||| Stepping ~*~*~tactically~*~*~ (stealth).
 18165 | Lair:5   | 18165 ||| Stepping ~*~*~tactically~*~*~ (stealth).
 18282 | Lair:5   | 18282 ||| READING scroll labelled XUJOSE ACWITUR.
 18332 | Lair:5   | 18332 ||| Stepping ~*~*~tactically~*~*~ (stealth).
 18356 | Lair:5   | 18356 ||| Stepping ~*~*~tactically~*~*~ (stealth).
 18423 | Lair:5   | 18423 ||| Stepping ~*~*~tactically~*~*~ (stealth).
 18436 | Lair:5   | 18436 ||| Stepping ~*~*~tactically~*~*~ (hiding).
 18450 | Lair:5   | 18450 ||| Stepping ~*~*~tactically~*~*~ (stealth).
 18457 | Lair:5   | Reached skill level 12 in Fighting
 18466 | Lair:5   | 18466 ||| Stepping ~*~*~tactically~*~*~ (hiding).
 18472 | Lair:5   | 18472 ||| INVOKING Heroism.
 18495 | Lair:5   | 18495 ||| Stepping ~*~*~tactically~*~*~ (stealth).
 18510 | Lair:5   | 18510 ||| FLEEEEING.
 18511 | Lair:5   | 18511 ||| FLEEEEING.
 18513 | Lair:5   | 18513 ||| FLEEEEING.
 18515 | Lair:5   | 18515 ||| FLEEEEING.
 18516 | Lair:5   | 18516 ||| FLEEEEING.
 18517 | Lair:5   | 18517 ||| FLEEEEING.
 18518 | Lair:5   | 18518 ||| FLEEEEING.
 18619 | Lair:5   | 18619 ||| Stepping ~*~*~tactically~*~*~ (stealth).
 18646 | Lair:5   | Identified the +1 broad axe "Vamnaup" {protect, rC+}
                  | (Okawaru gifted it to you on level 5 of the Lair of Beasts)
 18646 | Lair:5   | Received a gift from Okawaru
 18647 | Lair:5   | Reached skill level 6 in Dodging
 18648 | Lair:5   | 18648 ||| SWAPPING to +1 broad axe "Vamnaup" {protect,
                  | rC+}.
 18649 | Lair:5   | 18649 ||| DROPPING +0 war axe of electrocution.
 18654 | Lair:5   | Found a corrupted altar of Lugonu.
 18658 | Lair:5   | Found a one-way gate to the infinite horrors of the Abyss.
 18841 | Lair:5   | 18841 ||| PLANNING D
 18841 | Lair:5   | 18841 ||| UPGRADING to +1 pair of gloves of hurling.
 18851 | Lair:5   | 18851 ||| DROPPING +0 pair of gloves of dexterity.
 18852 | Lair:5   | 18852 ||| DRINKING 3 puce potions.
 18853 | Lair:5   | 18853 ||| READING 10 scrolls of identify.
 18853 | Lair:5   | 18853 ||| IDENTIFYING inky potion
 19146 | D:12     | 19146 ||| INVOKING Heroism.
 19313 | D:12     | Found a staircase to the Orcish Mines.
 19562 | D:12     | 19562 ||| Stepping ~*~*~tactically~*~*~ (hiding).
 19609 | D:12     | 19609 ||| INVOKING Heroism.
 19610 | D:12     | 19610 ||| INVOKING Finesse.
 19805 | D:12     | 19805 ||| Stepping ~*~*~tactically~*~*~ (hiding).
 19820 | D:12     | 19820 ||| FLEEEEING.
 19881 | D:12     | 19881 ||| Stepping ~*~*~tactically~*~*~ (stealth).
 19883 | D:12     | 19883 ||| Stepping ~*~*~tactically~*~*~ (stealth).
 19884 | D:12     | 19884 ||| READING 5 scrolls of teleportation.
 19885 | D:12     | 19885 ||| FLEEEEING.
 19886 | D:12     | 19886 ||| INVOKING Heroism.
 20113 | D:12     | 20113 ||| DROPPING ring of positive energy.
 20114 | D:12     | 20114 ||| READING 9 scrolls of identify.
 20114 | D:12     | 20114 ||| IDENTIFYING glowing clear potion
 20115 | D:12     | 20115 ||| DROPPING potion of degeneration.
 20226 | D:13     | 20226 ||| Stepping ~*~*~tactically~*~*~ (stealth).
 20357 | D:13     | 20357 ||| Stepping ~*~*~tactically~*~*~ (stealth).
 20363 | D:13     | Reached XP level 15. HP: 96/96 MP: 22/22
 20469 | D:13     | 20469 ||| READING scroll of enchant armour.
 20469 | D:13     | 20469 ||| ENCHANTING +1 pair of gloves of hurling.
 20636 | D:13     | 20636 ||| Stepping ~*~*~tactically~*~*~ (hiding).
 20708 | D:13     | Received a gift from Okawaru
 20739 | D:13     | Found a gate to the Vaults.
 20762 | D:13     | 20762 ||| UPGRADING to +2 buckler.
 20772 | D:13     | 20772 ||| DROPPING +0 buckler.
 20793 | D:14     | 20793 ||| STAIRDANCE
 20799 | D:13     | Reached skill level 16 in Axes
 20923 | D:14     | 20923 ||| Stepping ~*~*~tactically~*~*~ (hiding).
 20924 | D:14     | 20924 ||| Stepping ~*~*~tactically~*~*~ (hiding).
 20925 | D:14     | 20925 ||| Stepping ~*~*~tactically~*~*~ (hiding).
 21066 | D:14     | 21066 ||| Stepping ~*~*~tactically~*~*~ (hiding).
 21067 | D:14     | 21067 ||| Stepping ~*~*~tactically~*~*~ (hiding).
 21114 | D:14     | 21114 ||| INVOKING Heroism.
 21121 | D:14     | 21121 ||| FLEEEEING.
 21122 | D:14     | 21122 ||| FLEEEEING.
 21123 | D:14     | 21123 ||| FLEEEEING.
 21124 | D:14     | 21124 ||| FLEEEEING.
 21125 | D:14     | 21125 ||| FLEEEEING.
 21126 | D:14     | 21126 ||| FLEEEEING.
 21127 | D:14     | 21127 ||| FLEEEEING.
 21128 | D:14     | 21128 ||| FLEEEEING.
 21129 | D:14     | 21129 ||| FLEEEEING.
 21130 | D:14     | 21130 ||| FLEEEEING.
 21131 | D:14     | 21131 ||| FLEEEEING.
 21132 | D:14     | 21132 ||| FLEEEEING.
 21133 | D:14     | 21133 ||| FLEEEEING.
 21134 | D:14     | 21134 ||| FLEEEEING.
 21135 | D:14     | 21135 ||| FLEEEEING.
 21136 | D:14     | 21136 ||| FLEEEEING.
 21137 | D:14     | 21137 ||| FLEEEEING.
 21138 | D:14     | 21138 ||| FLEEEEING.
 21139 | D:14     | 21139 ||| FLEEEEING.
 21140 | D:14     | 21140 ||| FLEEEEING.
 21141 | D:14     | 21141 ||| FLEEEEING.
 21142 | D:14     | 21142 ||| FLEEEEING.
 21143 | D:14     | 21143 ||| FLEEEEING.
 21144 | D:14     | 21144 ||| FLEEEEING.
 21145 | D:14     | 21145 ||| FLEEEEING.
 21146 | D:14     | 21146 ||| FLEEEEING.
 21147 | D:14     | 21147 ||| FLEEEEING.
 21148 | D:14     | 21148 ||| FLEEEEING.
 21149 | D:14     | 21149 ||| FLEEEEING.
 21150 | D:14     | 21150 ||| FLEEEEING.
 21151 | D:14     | 21151 ||| FLEEEEING.
 21152 | D:14     | 21152 ||| FLEEEEING.
 21153 | D:14     | 21153 ||| FLEEEEING.
 21154 | D:14     | 21154 ||| FLEEEEING.
 21155 | D:14     | 21155 ||| FLEEEEING.
 21156 | D:14     | 21156 ||| FLEEEEING.
 21157 | D:14     | 21157 ||| FLEEEEING.
 21158 | D:14     | 21158 ||| FLEEEEING.
 21159 | D:14     | 21159 ||| STAIRDANCE
 21373 | D:14     | 21373 ||| DROPPING +2 heavy war axe.
 21640 | D:14     | Found a hazy altar of Hepliaklqana.
 21693 | D:14     | 21693 ||| READING 13 scrolls of identify.
 21693 | D:14     | 21693 ||| IDENTIFYING fuming dark potion
 21708 | D:15     | Entered Level 15 of the Dungeon
 21713 | D:15     | 21713 ||| INVOKING Heroism.
 21767 | D:15     | 21767 ||| INVOKING Heroism.
 21768 | D:15     | 21768 ||| INVOKING Finesse.
 21771 | D:15     | 21771 ||| SWAPPING to +0 morningstar.
 21773 | D:15     | 21773 ||| SWAPPING to +1 broad axe "Vamnaup" {protect,
                  | rC+}.
 21836 | D:15     | 21836 ||| Stepping ~*~*~tactically~*~*~ (stealth).
 21840 | D:15     | Noticed Josephine
 21850 | D:15     | 21850 ||| INVOKING Heroism.
 21856 | D:15     | Killed Josephine
 22090 | D:15     | 22090 ||| Stepping ~*~*~tactically~*~*~ (hiding).
 22094 | D:15     | Received a gift from Okawaru
 22109 | D:15     | 22109 ||| Stepping ~*~*~tactically~*~*~ (stealth).
 22111 | D:15     | 22111 ||| Stepping ~*~*~tactically~*~*~ (hiding).
 22165 | D:15     | 22165 ||| READING scroll of enchant armour.
 22165 | D:15     | 22165 ||| ENCHANTING +1 helmet.
 22175 | D:15     | 22175 ||| Stepping ~*~*~tactically~*~*~ (hiding).
 22182 | D:15     | 22182 ||| DRINKING 7 potions of curing.
 22182 | D:15     | 22182 ||| (to cure confusion)
 22232 | D:15     | 22232 ||| Stepping ~*~*~tactically~*~*~ (hiding).
 22439 | D:15     | Found a stormy altar of Qazlal.
 22585 | D:15     | Received a gift from Okawaru
 22595 | D:15     | Noticed a frost giant
 22596 | D:15     | 22596 ||| Stepping ~*~*~tactically~*~*~ (stealth).
 22604 | D:15     | 22604 ||| INVOKING Heroism.
 22608 | D:15     | Killed a frost giant
 22714 | D:15     | Found a staircase to the Depths.
 23238 | D:15     | 23238 ||| PLANNING ORC
 23352 | Orc:1    | Entered Level 1 of the Orcish Mines
 23353 | Orc:1    | 23353 ||| Stepping ~*~*~tactically~*~*~ (hiding).
 23354 | Orc:1    | 23354 ||| Stepping ~*~*~tactically~*~*~ (hiding).
 23374 | Orc:1    | 23374 ||| Stepping ~*~*~tactically~*~*~ (hiding).
 23846 | Orc:1    | 23846 ||| INVOKING Heroism.
 24055 | Orc:2    | Entered Level 2 of the Orcish Mines
 24077 | Orc:2    | Found a runed translucent door.
 24078 | Orc:2    | Noticed qw's ghost (adept NaHu)
 24080 | Orc:2    | Found Zuwevie's Assorted Antiques.
 24088 | Orc:2    | 24088 ||| BUYING potion of enlightenment (135 gold).
 24088 | Orc:2    | Bought a potion of enlightenment for 135 gold pieces
 24088 | Orc:2    | 24088 ||| BUYING runed helmet (202 gold).
 24088 | Orc:2    | Bought a runed helmet for 202 gold pieces
 24088 | Orc:2    | 24088 ||| BUYING smoky white potion (24 gold).
 24088 | Orc:2    | Bought a smoky white potion for 24 gold pieces
 24131 | Orc:2    | 24131 ||| INVOKING Heroism.
 24145 | Orc:2    | Reached skill level 17 in Axes
 24180 | Orc:2    | 24180 ||| Stepping ~*~*~tactically~*~*~ (stealth).
 24181 | Orc:2    | 24181 ||| Stepping ~*~*~tactically~*~*~ (stealth).
 24197 | Orc:2    | 24197 ||| Stepping ~*~*~tactically~*~*~ (hiding).
 24198 | Orc:2    | 24198 ||| Stepping ~*~*~tactically~*~*~ (hiding).
 24199 | Orc:2    | 24199 ||| INVOKING Heroism.
 24212 | Orc:2    | 24212 ||| INVOKING Finesse.
 24247 | Orc:2    | HP: 14/96 [orc high priest/divine providence (15)]
 24248 | Orc:2    | 24248 ||| READING 4 scrolls of teleportation.
 24249 | Orc:2    | 24249 ||| DRINKING potion of heal wounds.
 24257 | Orc:2    | Noticed Donald
 24262 | Orc:2    | 24262 ||| INVOKING Finesse.
 24270 | Orc:2    | HP: 24/96 [Donald/+3 scimitar of electrocution (10)]
 24271 | Orc:2    | 24271 ||| READING 3 scrolls of teleportation.
 24272 | Orc:2    | 24272 ||| INVOKING Heroism.
 24276 | Orc:2    | 24276 ||| READING 2 scrolls of teleportation.
 24276 | Orc:2    | HP: 9/96 [orc priest/divine providence (13)]
 24547 | Orc:2    | 24547 ||| Stepping ~*~*~tactically~*~*~ (hiding).
 24549 | Orc:2    | 24549 ||| Stepping ~*~*~tactically~*~*~ (hiding).
 24551 | Orc:2    | 24551 ||| Stepping ~*~*~tactically~*~*~ (hiding).
 24552 | Orc:2    | 24552 ||| Stepping ~*~*~tactically~*~*~ (hiding).
 24553 | Orc:2    | 24553 ||| Stepping ~*~*~tactically~*~*~ (hiding).
 24554 | Orc:2    | 24554 ||| INVOKING Heroism.
 24570 | Orc:2    | 24570 ||| Stepping ~*~*~tactically~*~*~ (stealth).
 24571 | Orc:2    | 24571 ||| Stepping ~*~*~tactically~*~*~ (stealth).
 24583 | Orc:2    | 24583 ||| Stepping ~*~*~tactically~*~*~ (hiding).
 24585 | Orc:2    | 24585 ||| Stepping ~*~*~tactically~*~*~ (hiding).
 24586 | Orc:2    | 24586 ||| Stepping ~*~*~tactically~*~*~ (hiding).
 24605 | Orc:2    | Found Ytymior's Weapon Shoppe.
 24605 | Orc:2    | Found Meubecs's Magic Scroll Shop.
 24607 | Orc:2    | Found Uso Xeot's General Store.
 24607 | Orc:2    | Found Jilofiud's Assorted Antiques.
 24614 | Orc:2    | 24614 ||| BUYING +0 heavy broad axe (119 gold).
 24614 | Orc:2    | Bought a +0 heavy broad axe for 119 gold pieces
 24614 | Orc:2    | 24614 ||| BUYING +4 flail of holy wrath (367 gold).
 24614 | Orc:2    | Bought a +4 flail of holy wrath for 367 gold pieces
 24618 | Orc:2    | 24618 ||| BUYING glowing helmet (240 gold).
 24618 | Orc:2    | Bought a glowing helmet for 240 gold pieces
 24618 | Orc:2    | 24618 ||| BUYING glowing morningstar (224 gold).
 24618 | Orc:2    | Bought a glowing morningstar for 224 gold pieces
 24618 | Orc:2    | 24618 ||| DROPPING +0 morningstar.
 24619 | Orc:2    | 24619 ||| DROPPING +4 flail of holy wrath.
 24622 | Orc:2    | 24622 ||| SHOPLISTING scroll of acquirement (728 gold, have
                  | 298).
 24622 | Orc:2    | 24622 ||| BUYING scroll of brand weapon (133 gold).
 24622 | Orc:2    | Bought a scroll of brand weapon for 133 gold pieces
 24622 | Orc:2    | 24622 ||| BUYING scroll of enchant weapon (105 gold).
 24622 | Orc:2    | Bought a scroll of enchant weapon for 105 gold pieces
 24622 | Orc:2    | 24622 ||| BUYING scroll of teleportation (42 gold).
 24622 | Orc:2    | Bought a scroll of teleportation for 42 gold pieces
 24622 | Orc:2    | 24622 ||| SHOPLISTING scroll of teleportation (42 gold,
                  | have 18).
 24666 | Orc:2    | 24666 ||| Stepping ~*~*~tactically~*~*~ (hiding).
 24668 | Orc:2    | 24668 ||| Stepping ~*~*~tactically~*~*~ (hiding).
 24671 | Orc:2    | 24671 ||| INVOKING Heroism.
 24672 | Orc:2    | 24672 ||| INVOKING Finesse.
 24673 | Orc:2    | 24673 ||| INVOKING Finesse.
 24688 | Orc:2    | Killed Donald
 24817 | Orc:2    | Found a staircase to the Elven Halls.
 24825 | Orc:2    | 24825 ||| Stepping ~*~*~tactically~*~*~ (hiding).
 24826 | Orc:2    | 24826 ||| Stepping ~*~*~tactically~*~*~ (hiding).
 24828 | Orc:2    | 24828 ||| Stepping ~*~*~tactically~*~*~ (hiding).
 24829 | Orc:2    | 24829 ||| INVOKING Heroism.
 24837 | Orc:2    | Received a gift from Okawaru
 25080 | Orc:2    | 25080 ||| UPGRADING to +1 helmet of see invisible.
 25090 | Orc:2    | 25090 ||| PLANNING SWAMP:1-3
 25090 | Orc:2    | 25090 ||| DROPPING +2 helmet.
 25091 | Orc:2    | 25091 ||| UPGRADING to +0 kite shield of reflection.
 25101 | Orc:2    | 25101 ||| DROPPING +2 buckler.
 25102 | Orc:2    | 25102 ||| READING 13 scrolls of identify.
 25102 | Orc:2    | 25102 ||| IDENTIFYING smoky white potion
 25103 | Orc:2    | 25103 ||| DROPPING potion of berserk rage.
 25275 | Swamp:1  | Entered Level 1 of the Swamp
 25276 | Swamp:1  | 25276 ||| INVOKING Heroism.
 25326 | Swamp:1  | Noticed a thorn hunter
 25327 | Swamp:1  | 25327 ||| INVOKING Heroism.
 25352 | Swamp:1  | Killed from afar by a thorn hunter

Levels and vault maps discovered:
D:1:      amcnicky_arrival_flooded_fountain, layout_basic
D:2:      layout_loops_cross, minmay_3d_cube
D:3:      gammafunk_wand_slinger, layout_basic,
          nicolae_ecumenical_snake_handling
D:4:      layout_loops_corners, guppyfry_shop_venom
D:5:      layout_gridville, nicolae_dithmenos_the_darkroom,
          hangedman_ru_absence, kennysheep_mini_moat
D:6:      layout_basic, nemelex_dance_club_becter,
          lightli_ossuary_entry_decrepit_ruins, uniq_menkaure
D:7:      layout_basic, mainiacjoe_overflow_alcove_2,
          nicolae_tso_besieged_by_evil, minmay_temple_entry_drinking_statues,
          enter_bailey_3, minmay_unpleasant_kobolds
D:8:      layout_loops_ring, mainiacjoe_overflow_catch_the_wave, minivault_22,
          nicolae_shop_sticking_my_neck_out
D:9:      layout_gridville, ashenzari_altar_1, elyvilon_altar_3, fedhas_altar_4,
          serial_shops, shop, nicolae_shop_waterfront,
          nicolae_shop_getting_attention
D:10:     layout_gridville, old_standard_altar
D:11:     layout_irregular_city, david_lair_shrubbed, enter_trove_3,
          st_stairs_14, evilmike_minifort
D:12:     layout_irregular_city, orc_0_dummy
D:13:     layout_roguey, david_vaults_2
D:14:     layout_basic, nicolae_concentric_dashed_squares_mild,
          worldfamousw_hep_ancestral_shrine
D:15:     grunt_enter_depths_snipers, layout_basic,
          nicolae_qazlal_style_of_elements, uniq_josephine
Temple:   nicolae_temple_bog_church
Lair:1:   layout_regular_city, gauntlet_entry_generic, pond, grunt_megastairs_5,
          lemuel_fruit_tree
Lair:2:   layout_cave_pods, basic_altar
Lair:3:   statuecave_lemuel, layout_layer_cave,
          nicolae_swamp_entry_splash_gauntlet, spider_nest_entry_webs,
          uniq_kirke
Lair:4:   layout_cave_pods, dpeg_slime_entry_enclosed, serial_bayou_lagoon_a
Lair:5:   hellmonk_lair_end_abyssal_woods, layout_regular_city
Swamp:1:  layout_basic_swamp, evilmike_swamp_ruin_house_4,
          beargit_elvish_explorers, uniq_jorgrun, uniq_aizul
Orc:1:    layout_caves, minmay_orc_temple_a
Orc:2:    grunt_orc_tribal_feast, layout_diamond_mine, serial_shops,
          shop_fountains, ebering_ghost_inner_flame, lemuel_statue_altar,
          uniq_donald

Skill      XL: |  1  2  3  4  5  6  7  8  9 10 11 12 13 14 15 |
---------------+----------------------------------------------+-----
Axes           | 2 3 4 5 6 7 8 9 11 12 14 15 17 | 17.0
Fighting       | 4 5 6 7 8 9 10 11 12 | 12.8
Dodging        | 1 2 4 5 6 |  6.1
Armour         | 5 6 7 9 10 11 | 11.0
Throwing       | 2 3 5 6 7 |  7.1
Shields        | 4 5 6 7 8 |  8.3
Invocations    | 3 4 6 10 | 10.0

Action                     |  1- 3 |  4- 6 |  7- 9 | 10-12 | 13-15 || total
---------------------------+-------+-------+-------+-------+-------++-------
  Melee: War axe           |   119 |   132 |   417 |   521 |   677 ||  1866
         Broad axe         |       |       |       |       |   661 ||   661
         Morningstar       |       |       |       |       |    22 ||    22
  Throw: Boomerang         |       |       |    31 |     1 |    36 ||    68
         Javelin           |       |       |       |    16 |   144 ||   160
 Invoke: Heroism           |       |       |     4 |    25 |    30 ||    59
         Finesse           |       |       |       |     1 |     9 ||    10
    Use: Scroll            |     3 |     9 |     5 |     8 |    12 ||    37
         Potion            |       |       |     3 |       |     3 ||     6
   Stab: Distracted        |       |       |       |       |     1 ||     1
 Armour: Scale mail        |    60 |    75 |    57 |       |       ||   192
         Plate armour      |       |       |   187 |   251 |       ||   438
         Chain mail        |       |       |       |   191 |   513 ||   704
  Dodge: Dodged            |    58 |    59 |   144 |   252 |   727 ||  1240
  Block: Buckler           |    16 |    30 |    67 |   153 |   408 ||   674
         Kite shield       |       |       |       |       |    11 ||    11

Table legend:
 A = Non-vault XP
 B = Vault XP
 C = Vault XP percentage of total XP
 D = Non-vault monster count
 E = Vault monster count
 F = Vault count percentage of total count
                 A         B        C        D         E       F
            +---------+---------+-------+---------+---------+-------
      Total |   81263 |   45485 |  35.9 |     472 |     178 |  27.4
            +---------+---------+-------+---------+---------+-------
        D:1 |      54 |       0 |   0.0 |      31 |       0 |   0.0
        D:2 |      18 |      30 |  62.5 |       9 |       4 |  30.8
        D:3 |      89 |       7 |   7.3 |      25 |       5 |  16.7
        D:4 |     411 |      13 |   3.1 |      22 |       1 |   4.3
        D:5 |     841 |       0 |   0.0 |      18 |       0 |   0.0
        D:6 |     876 |     296 |  25.3 |      16 |       3 |  15.8
        D:7 |     678 |     133 |  16.4 |      15 |      21 |  58.3
        D:8 |    1056 |       0 |   0.0 |      32 |       0 |   0.0
        D:9 |    1318 |       0 |   0.0 |      22 |       0 |   0.0
       D:10 |    2169 |       0 |   0.0 |       7 |       0 |   0.0
       D:11 |    3169 |    5596 |  63.8 |      22 |      17 |  43.6
       D:12 |    5152 |       0 |   0.0 |      20 |       0 |   0.0
       D:13 |    6451 |     758 |  10.5 |      17 |       3 |  15.0
       D:14 |    5978 |       0 |   0.0 |      12 |       0 |   0.0
       D:15 |   11444 |    4808 |  29.6 |      21 |       9 |  30.0
     Lair:1 |    7367 |    2006 |  21.4 |      23 |       8 |  25.8
     Lair:2 |    4414 |       0 |   0.0 |      16 |       0 |   0.0
     Lair:3 |    6422 |    6076 |  48.6 |      25 |      16 |  39.0
     Lair:4 |    7737 |       0 |   0.0 |      39 |       0 |   0.0
     Lair:5 |   10497 |   12879 |  55.1 |      30 |      41 |  57.7
    Swamp:1 |    1514 |       0 |   0.0 |       2 |       0 |   0.0
      Orc:1 |    1072 |     139 |  11.5 |      27 |       7 |  20.6
      Orc:2 |    2536 |    9057 |  78.1 |      21 |      31 |  59.6
   Gauntlet |       0 |    3687 | 100.0 |       0 |      12 | 100.0
            +---------+---------+-------+---------+---------+-------
